Workbook
Name ___1Sin_nombre: #REF!
Name ___1Sin_nombre: #REF!
Name __1Sin_nombre: #REF!
Name __1Sin_nombre: #REF!
Name _1Sin_nombre: #REF!
Name _1Sin_nombre: #REF!
Name _C65580: #REF!
Name _Fill: #REF!
Name _MON1: #REF!
Name _MON1: #REF!
Name _MON2: #REF!
Name _Parse_Out: #REF!
Name _sub1: #REF!
Name _sub2: #REF!
Name _sub3: #REF!
Name _sub4: #REF!
Name _sub5: #REF!
Name _sub6: #REF!
Name _sub7: #REF!
Name A: #REF!
Name A_impresión_IM: #REF!
Name ACAT22: #REF!
Name ADUA105: #REF!
Name ADUA106: #REF!
Name ADUA107: #REF!
Name ADUA108: #REF!
Name ADUA5: #REF!
Name ADUA6: #REF!
Name ADUA7: #REF!
Name ADUA8: #REF!
Name ADUANAS: #REF!
Name ANDINO: #REF!
Name Angebotsdatum: #REF!
Name Angulo_de_platina__1_x1_x1_8: #REF!
Name ANTBNK: #REF!
Name apu: #REF!
Name APUS: #REF!
Name asddsad: #REF!
Name asddsad: #REF!
Name AUFTRAG: #REF!
Name AUFTRAG: #REF!
Name AUFTRAGTIT: #REF!
Name AUFTRAGTIT: #REF!
Name B: #REF!
Name BASE: #REF!
Name BASEDATOSMATERIALES: #REF!
Name bloquefin1: #REF!
Name bloquefin2: #REF!
Name BOLIVAR: #REF!
Name BOLIVAX: #REF!
Name BOLIVBC: #REF!
Name Breaker_Indus.Merlin_G.3x150A: #REF!
Name Brilladora: #REF!
Name BuiltIn_Print_Area: #REF!
Name BuiltIn_Print_Area___0___0: #REF!
Name BuiltIn_Print_Titles: #REF!
Name CANADA: #REF!
Name causa: #REF!
Name Cera_para_pisos: #REF!
Name CIF: #REF!

Sheet ACTA FINAL
A1: CONTRATO DE OBRA: 240-2025 | C1: OBJETO: ADECUACION DE LA INFRAESTRUCTURA HOSPITALARIA EN EL AREA DE IMAGENOLOGÍA DEL HOSPITAL SAN JUAN DE DIOS ESE RIONEGRO
A2: CONTRATANTE: HOSPITAL SAN JUAN DE DIOS ESE RIONEGRO
A3: CONTRATISTA: LINARQ SAS
A4: ÍTEM | B4: DESCRIPCIÓN | C4: UNIDAD | D4: VALOR UNITARIO | E4: CANTIDAD CONTRACTUAL | F4: VALOR TOTAL | G4: ACTA 1 | H4: VALOR EJECUTADO | I4: ACTA 2 | J4: VALOR EJECUTADO | K4: ACTA 3 | L4: VALOR EJECUTADO | M4: CANTIDAD TOTAL EJECUTADA | N4: VALOR TOTAL EJECUTADO | O4: PORCENTAJE TOTAL EJECUTADO | P4: CANTIDAD TOTAL | Q4: VALOR TOTAL
B6: ADECUACIONES AREA DE IMAGENOLOGÍA | P6: MAYORES Y MENORES
A7: 1 | B7: PRELIMINARES | F7: =SUM(F8:F11) -> 8730875 | N7: =SUM(N8:N11) -> 12247335 | O7: =+N7/F7 -> 1.4027615 | Q7: =SUM(Q8:Q11) -> 3516460
A8: 1.1 | B8: Proteccion con plastico del area a intervenir | C8: gl | D8: 500000 | E8: 1 | F8: =+D8*E8 -> 500000 | G8: 1 | H8: =+$D8*G8 -> 500000 | I8: 0 | J8: =+$D8*I8 -> 0 | K8: 0 | L8: =+$D8*K8 -> 0 | M8: =+G8+I8 -> 1 | N8: =+D8*M8 -> 500000 | O8: =+N8/F8 -> 1 | P8: =+M8-E8 -> 0 | Q8: =+P8*D8 -> 0
A9: 1.2 | B9: Proteccion con carton | C9: gl | D9: 500000 | E9: 1 | F9: =+D9*E9 -> 500000 | G9: 1 | H9: =+$D9*G9 -> 500000 | I9: 0 | J9: =+$D9*I9 -> 0 | K9: 0 | L9: =+$D9*K9 -> 0 | M9: =+G9+I9 -> 1 | N9: =+D9*M9 -> 500000 | O9: =+N9/F9 -> 1 | P9: =+M9-E9 -> 0 | Q9: =+P9*D9 -> 0
A10: 1.3 | B10: Empaque de escombros y transporte interno | C10: saco | D10: 5065 | E10: 650 | F10: =+D10*E10 -> 3292250 | G10: 1169 | H10: =+$D10*G10 -> 5920985 | I10: 0 | J10: =+$D10*I10 -> 0 | K10: 0 | L10: =+$D10*K10 -> 0 | M10: =+G10+I10 -> 1169 | N10: =+D10*M10 -> 5920985 | O10: =+N10/F10 -> 1.7984615 | P10: =+M10-E10 -> 519 | Q10: =+P10*D10 -> 2628735
A11: 1.4 | B11: Retiro y botada de escombros y/o basura , en caso de ser requerido en otra actividad no estipulada. | C11: Viajes | D11: 887725 | E11: 5 | F11: =+D11*E11 -> 4438625 | G11: 6 | H11: =+$D11*G11 -> 5326350 | I11: 0 | J11: =+$D11*I11 -> 0 | K11: 0 | L11: =+$D11*K11 -> 0 | M11: =+G11+I11 -> 6 | N11: =+D11*M11 -> 5326350 | O11: =+N11/F11 -> 1.2 | P11: =+M11-E11 -> 1 | Q11: =+P11*D11 -> 887725
A12: 2 | B12: DESMONTES Y DEMOLICIONES | F12: =SUM(F13:F28) -> 14627138 | N12: =SUM(N13:N28) -> 12086993 | O12: =+N12/F12 -> 0.82634024 | Q12: =SUM(Q13:Q28) -> -2540145.4
A13: 2.1 | B13: Corte con pulidora en pisos y muros | C13: ml | D13: 20880 | E13: 98 | F13: =+D13*E13 -> 2046240 | G13: 0 | H13: =+$D13*G13 -> 0 | I13: 160.89 | J13: =+$D13*I13 -> 3359383.2 | K13: 0 | L13: =+$D13*K13 -> 0 | M13: =+G13+I13 -> 160.89 | N13: =+D13*M13 -> 3359383.2 | O13: =+N13/F13 -> 1.6417347 | P13: =+M13-E13 -> 62.89 | Q13: =+P13*D13 -> 1313143.2
A14: 2.2 | B14: Desmonte de cielo en drywall | C14: m2 | D14: 9072 | E14: 316.48 | F14: =+D14*E14 -> 2871106.6 | G14: 0 | H14: =+$D14*G14 -> 0 | I14: 0 | J14: =+$D14*I14 -> 0 | K14: 0 | L14: =+$D14*K14 -> 0 | M14: =+G14+I14 -> 0 | N14: =+D14*M14 -> 0 | O14: =+N14/F14 -> 0 | P14: =+M14-E14 -> -316.48 | Q14: =+P14*D14 -> -2871106.6
A15: 2.3 | B15: Demolicion de piso | C15: gl | D15: 603725 | E15: 1 | F15: =+D15*E15 -> 603725 | G15: 1 | H15: =+$D15*G15 -> 603725 | I15: 0 | J15: =+$D15*I15 -> 0 | K15: 0 | L15: =+$D15*K15 -> 0 | M15: =+G15+I15 -> 1 | N15: =+D15*M15 -> 603725 | O15: =+N15/F15 -> 1 | P15: =+M15-E15 -> 0 | Q15: =+P15*D15 -> 0
A16: 2.4 | B16: Demolicion de mamposteria en areas a intervenir (altura estimada de 2,60) | C16: m2 | D16: 30973 | E16: 115.05 | F16: =+D16*E16 -> 3563443.6 | G16: 0 | H16: =+$D16*G16 -> 0 | I16: 115.03 | J16: =+$D16*I16 -> 3562824.2 | K16: 0 | L16: =+$D16*K16 -> 0 | M16: =+G16+I16 -> 115.03 | N16: =+D16*M16 -> 3562824.2 | O16: =+N16/F16 -> 0.99982616 | P16: =+M16-E16 -> -0.02 | Q16: =+P16*D16 -> -619.46
A17: 2.5 | B17: Desmonte de puertas y marcos en madera | C17: un | D17: 70402 | E17: 20 | F17: =+D17*E17 -> 1408040 | G17: 11 | H17: =+$D17*G17 -> 774422 | I17: 0 | J17: =+$D17*I17 -> 0 | K17: 0 | L17: =+$D17*K17 -> 0 | M17: =+G17+I17 -> 11 | N17: =+D17*M17 -> 774422 | O17: =+N17/F17 -> 0.55 | P17: =+M17-E17 -> -9 | Q17: =+P17*D17 -> -633618
A18: 2.6 | B18: Desmonte de puerta y marcos en madera (Puertas doble ala) | C18: un | D18: 116812 | E18: 5 | F18: =+D18*E18 -> 584060 | G18: 3 | H18: =+$D18*G18 -> 350436 | I18: 0 | J18: =+$D18*I18 -> 0 | K18: 0 | L18: =+$D18*K18 -> 0 | M18: =+G18+I18 -> 3 | N18: =+D18*M18 -> 350436 | O18: =+N18/F18 -> 0.6 | P18: =+M18-E18 -> -2 | Q18: =+P18*D18 -> -233624
A19: 2.7 | B19: Desmonte de ventanas | C19: un | D19: 44614 | E19: 9 | F19: =+D19*E19 -> 401526 | G19: 9 | H19: =+$D19*G19 -> 401526 | I19: 5 | J19: =+$D19*I19 -> 223070 | K19: 0 | L19: =+$D19*K19 -> 0 | M19: =+G19+I19 -> 14 | N19: =+D19*M19 -> 624596 | O19: =+N19/F19 -> 1.5555556 | P19: =+M19-E19 -> 5 | Q19: =+P19*D19 -> 223070
A20: 2.8 | B20: Demolicion de enchape | C20: m2 | D20: 19338 | E20: 8.5 | F20: =+D20*E20 -> 164373 | G20: 0 | H20: =+$D20*G20 -> 0 | I20: 5.67 | J20: =+$D20*I20 -> 109646.46 | K20: 0 | L20: =+$D20*K20 -> 0 | M20: =+G20+I20 -> 5.67 | N20: =+D20*M20 -> 109646.46 | O20: =+N20/F20 -> 0.66705882 | P20: =+M20-E20 -> -2.83 | Q20: =+P20*D20 -> -54726.54
A21: 2.9 | B21: Desmonte de sanitario | C21: un | D21: 57153 | E21: 7 | F21: =+D21*E21 -> 400071 | G21: 3 | H21: =+$D21*G21 -> 171459 | I21: 0 | J21: =+$D21*I21 -> 0 | K21: 0 | L21: =+$D21*K21 -> 0 | M21: =+G21+I21 -> 3 | N21: =+D21*M21 -> 171459 | O21: =+N21/F21 -> 0.42857143 | P21: =+M21-E21 -> -4 | Q21: =+P21*D21 -> -228612
A22: 2.10 | B22: Desmonte de lavamanos | C22: un | D22: 57153 | E22: 4 | F22: =+D22*E22 -> 228612 | G22: 5 | H22: =+$D22*G22 -> 285765 | I22: 0 | J22: =+$D22*I22 -> 0 | K22: 0 | L22: =+$D22*K22 -> 0 | M22: =+G22+I22 -> 5 | N22: =+D22*M22 -> 285765 | O22: =+N22/F22 -> 1.25 | P22: =+M22-E22 -> 1 | Q22: =+P22*D22 -> 57153
A23: 2.11 | B23: Desmonte de sistema electrico en areas a intervenir | C23: gl | D23: 1180453 | E23: 1 | F23: =+D23*E23 -> 1180453 | G23: 1 | H23: =+$D23*G23 -> 1180453 | I23: 0 | J23: =+$D23*I23 -> 0 | K23: 0 | L23: =+$D23*K23 -> 0 | M23: =+G23+I23 -> 1 | N23: =+D23*M23 -> 1180453 | O23: =+N23/F23 -> 1 | P23: =+M23-E23 -> 0 | Q23: =+P23*D23 -> 0
A24: 2.12 | B24: Desmonte de espejos | C24: un | D24: 23583 | E24: 4 | F24: =+D24*E24 -> 94332 | G24: 1 | H24: =+$D24*G24 -> 23583 | I24: 0 | J24: =+$D24*I24 -> 0 | K24: 0 | L24: =+$D24*K24 -> 0 | M24: =+G24+I24 -> 1 | N24: =+D24*M24 -> 23583 | O24: =+N24/F24 -> 0.25 | P24: =+M24-E24 -> -3 | Q24: =+P24*D24 -> -70749
... A26: 2.14 | B26: Desmonte de accesorios | C26: un | D26: 11320 | E26: 30 | F26: =+D26*E26 -> 339600 | G26: 18 | H26: =+$D26*G26 -> 203760 | I26: 0 | J26: =+$D26*I26 -> 0 | K26: 0 | L26: =+$D26*K26 -> 0 | M26: =+G26+I26 -> 18 | N26: =+D26*M26 -> 203760 | O26: =+N26/F26 -> 0.6 | P26: =+M26-E26 -> -12 | Q26: =+P26*D26 -> -135840
A27: 2.15 | B27: Anulacion de salidas de abastos | C27: un | D27: 20360 | E27: 10 | F27: =+D27*E27 -> 203600 | G27: 0 | H27: =+$D27*G27 -> 0 | I27: =+'[1]2.15'!$K$26 -> 17 | J27: =+$D27*I27 -> 346120 | K27: 0 | L27: =+$D27*K27 -> 0 | M27: =+G27+I27 -> 17 | N27: =+D27*M27 -> 346120 | O27: =+N27/F27 -> 1.7 | P27: =+M27-E27 -> 7 | Q27: =+P27*D27 -> 142520
A28: 2.16 | B28: Anulacion de salidas sanitarias | C28: un | D28: 23360 | E28: 10 | F28: =+D28*E28 -> 233600 | G28: 0 | H28: =+$D28*G28 -> 0 | I28: =+'[1]2.16'!$K$25 -> 16 | J28: =+$D28*I28 -> 373760 | K28: 0 | L28: =+$D28*K28 -> 0 | M28: =+G28+I28 -> 16 | N28: =+D28*M28 -> 373760 | O28: =+N28/F28 -> 1.6 | P28: =+M28-E28 -> 6 | Q28: =+P28*D28 -> 140160
A29: 3 | B29: MAMPOSTERIA | F29: =SUM(F30:F38) -> 41896793 | N29: =SUM(N30:N38) -> 32514553 | O29: =+N29/F29 -> 0.77606306 | Q29: =SUM(Q30:Q38) -> -9382239.6
A30: 3.1 | B30: Resane de mamposteria | C30: gl | D30: 600000 | E30: 1 | F30: =+D30*E30 -> 600000 | G30: 1 | H30: =+$D30*G30 -> 600000 | I30: 0 | J30: =+$D30*I30 -> 0 | K30: 0 | L30: =+$D30*K30 -> 0 | M30: =+G30+I30 -> 1 | N30: =+D30*M30 -> 600000 | O30: =+N30/F30 -> 1 | P30: =+M30-E30 -> 0 | Q30: =+P30*D30 -> 0
A31: 3.2 | B31: Construccion de Muro en Drywall Dos caras en placa de yeso e: 12 cms. Estructura interior lamina galvanizada y todos los elementos necesarios para su correcta instalacion y funcionamiento, incluye fondeado (Altura estimada 2,60) | C31: m2 | D31: 159984 | E31: 78.05 | F31: =+D31*E31 -> 12486751 | G31: 0 | H31: =+$D31*G31 -> 0 | I31: 38.1 | J31: =+$D31*I31 -> 6095390.4 | K31: 0 | L31: =+$D31*K31 -> 0 | M31: =+G31+I31 -> 38.1 | N31: =+D31*M31 -> 6095390.4 | O31: =+N31/F31 -> 0.48814862 | P31: =+M31-E31 -> -39.95 | Q31: =+P31*D31 -> -6391360.8
A32: 3.3 | B32: Construccion de FAJAS en Drywall. Estructura interior lamina galvanizada, y todos los elementos necesarios para su correcta instalacion y funcionamiento. | C32: ml | D32: 73503 | E32: 72.8 | F32: =+D32*E32 -> 5351018.4 | G32: 0 | H32: =+$D32*G32 -> 0 | I32: 85.76 | J32: =+$D32*I32 -> 6303617.3 | K32: 0 | L32: =+$D32*K32 -> 0 | M32: =+G32+I32 -> 85.76 | N32: =+D32*M32 -> 6303617.3 | O32: =+N32/F32 -> 1.178022 | P32: =+M32-E32 -> 12.96 | Q32: =+P32*D32 -> 952598.88
A33: 3.4 | B33: Suministro e instalacion de lana mineral tipo frescasa | C33: m2 | D33: 51275 | E33: 106.05 | F33: =+D33*E33 -> 5437713.8 | G33: 0 | H33: =+$D33*G33 -> 0 | I33: 58.84 | J33: =+$D33*I33 -> 3017021 | K33: 0 | L33: =+$D33*K33 -> 0 | M33: =+G33+I33 -> 58.84 | N33: =+D33*M33 -> 3017021 | O33: =+N33/F33 -> 0.55483263 | P33: =+M33-E33 -> -47.21 | Q33: =+P33*D33 -> -2420692.7
A34: 3.5 | B34: Perfil esquinero en pvc | C34: ml | D34: 22764 | E34: 163.8 | F34: =+D34*E34 -> 3728743.2 | G34: 0 | H34: =+$D34*G34 -> 0 | I34: 75.22 | J34: =+$D34*I34 -> 1712308.1 | K34: 0 | L34: =+$D34*K34 -> 0 | M34: =+G34+I34 -> 75.22 | N34: =+D34*M34 -> 1712308.1 | O34: =+N34/F34 -> 0.45921856 | P34: =+M34-E34 -> -88.58 | Q34: =+P34*D34 -> -2016435.1
A35: 3.6 | B35: Refuerzo en madera plastica | C35: ml | D35: 57341 | E35: 80.8 | F35: =+D35*E35 -> 4633152.8 | G35: 0 | H35: =+$D35*G35 -> 0 | I35: 31.15 | J35: =+$D35*I35 -> 1786172.1 | K35: 0 | L35: =+$D35*K35 -> 0 | M35: =+G35+I35 -> 31.15 | N35: =+D35*M35 -> 1786172.1 | O35: =+N35/F35 -> 0.3855198 | P35: =+M35-E35 -> -49.65 | Q35: =+P35*D35 -> -2846980.6
A36: 3.7 | B36: Construccion de muro en bloque e=20 cm + grouting | C36: m2 | D36: 234811 | E36: 27.47 | F36: =+D36*E36 -> 6450258.2 | G36: 0 | H36: =+$D36*G36 -> 0 | I36: 29.07 | J36: =+$D36*I36 -> 6825955.8 | K36: 0 | L36: =+$D36*K36 -> 0 | M36: =+G36+I36 -> 29.07 | N36: =+D36*M36 -> 6825955.8 | O36: =+N36/F36 -> 1.0582454 | P36: =+M36-E36 -> 1.6 | Q36: =+P36*D36 -> 375697.6
A37: 3.8 | B37: Revoque en muros | C37: m2 | D37: 35996 | E37: 54.94 | F37: =+D37*E37 -> 1977620.2 | G37: 0 | H37: =+$D37*G37 -> 0 | I37: =+I36*2 -> 58.14 | J37: =+$D37*I37 -> 2092807.4 | K37: 0 | L37: =+$D37*K37 -> 0 | M37: =+G37+I37 -> 58.14 | N37: =+D37*M37 -> 2092807.4 | O37: =+N37/F37 -> 1.0582454 | P37: =+M37-E37 -> 3.2 | Q37: =+P37*D37 -> 115187.2
A38: 3.9 | B38: Estuco en muros | C38: m3 | D38: 22416 | E38: 54.94 | F38: =+D38*E38 -> 1231535 | G38: 0 | H38: =+$D38*G38 -> 0 | I38: 182.07 | J38: =+$D38*I38 -> 4081281.1 | K38: 0 | L38: =+$D38*K38 -> 0 | M38: =+G38+I38 -> 182.07 | N38: =+D38*M38 -> 4081281.1 | O38: =+N38/F38 -> 3.3139789 | P38: =+M38-E38 -> 127.13 | Q38: =+P38*D38 -> 2849746.1
A39: 4 | B39: PINTURA Y ENCHAPES | F39: =SUM(F40:F41) -> 17167734 | N39: =SUM(N40:N41) -> 14291167 | O39: =+N39/F39 -> 0.83244337 | Q39: =SUM(Q40:Q41) -> -2876567.7
A40: 4.1 | B40: Aplicación de PINTURA EN VINILO de primera calidad sobre muros, tres manos o las necesarias hasta obtener una superficie pareja y homogénea. Incluye suministro y transporte de los materiales | C40: m2 | D40: 20166 | E40: 591.65 | F40: =+D40*E40 -> 11931214 | G40: 0 | H40: =+$D40*G40 -> 0 | I40: 608.54 | J40: =+$D40*I40 -> 12271818 | K40: 0 | L40: =+$D40*K40 -> 0 | M40: =+G40+I40 -> 608.54 | N40: =+D40*M40 -> 12271818 | O40: =+N40/F40 -> 1.0285473 | P40: =+M40-E40 -> 16.89 | Q40: =+P40*D40 -> 340603.74
A41: 4.2 | B41: Sellos con elastica | C41: ml | D41: 21081 | E41: 248.4 | F41: =+D41*E41 -> 5236520.4 | G41: 0 | H41: =+$D41*G41 -> 0 | I41: 95.79 | J41: =+$D41*I41 -> 2019349 | K41: 0 | L41: =+$D41*K41 -> 0 | M41: =+G41+I41 -> 95.79 | N41: =+D41*M41 -> 2019349 | O41: =+N41/F41 -> 0.38562802 | P41: =+M41-E41 -> -152.61 | Q41: =+P41*D41 -> -3217171.4
A42: 5 | B42: CIELOS RASOS | F42: =SUM(F43:F46) -> 58533641 | N42: =SUM(N43:N46) -> 20613431 | O42: =+N42/F42 -> 0.35216382 | Q42: =SUM(Q43:Q46) -> -37920210
A43: 5.1 | B43: Suministro e instalación de cielo falso en drywall e=1/2" a junta perdida | C43: m2 | D43: 125025 | E43: 316.48 | F43: =+D43*E43 -> 39567912 | G43: 0 | H43: =+$D43*G43 -> 0 | I43: 144.34 | J43: =+$D43*I43 -> 18046108 | K43: 0 | L43: =+$D43*K43 -> 0 | M43: =+G43+I43 -> 144.34 | N43: =+D43*M43 -> 18046108 | O43: =+N43/F43 -> 0.45607937 | P43: =+M43-E43 -> -172.14 | Q43: =+P43*D43 -> -21521804
A44: 5.2 | B44: Registros desmontables 60 x 60 | C44: un | D44: 137224 | E44: 8 | F44: =+D44*E44 -> 1097792 | G44: 0 | H44: =+$D44*G44 -> 0 | I44: 2 | J44: =+$D44*I44 -> 274448 | K44: 0 | L44: =+$D44*K44 -> 0 | M44: =+G44+I44 -> 2 | N44: =+D44*M44 -> 274448 | O44: =+N44/F44 -> 0.25 | P44: =+M44-E44 -> -6 | Q44: =+P44*D44 -> -823344
A45: 5.3 | B45: Aplicación de PINTURA EN VINILO de primera calidad sobre muros, tres manos o las necesarias hasta obtener una superficie pareja y homogénea. Incluye suministro y transporte de los materiales | C45: un | D45: 20166 | E45: 0 | F45: =+D45*E45 -> 0 | G45: 0 | H45: =+$D45*G45 -> 0 | I45: 113.7 | J45: =+$D45*I45 -> 2292874.2 | K45: 0 | L45: =+$D45*K45 -> 0 | M45: =+G45+I45 -> 113.7 | N45: =+D45*M45 -> 2292874.2 | O45: =+N45/F45 -> #DIV/0! | P45: =+M45-E45 -> 113.7 | Q45: =+P45*D45 -> 2292874.2
A46: 5.4 | B46: Media caña en cielos y muros en PVC | C46: ml | D46: 45933 | E46: 389 | F46: =+D46*E46 -> 17867937 | G46: 0 | H46: =+$D46*G46 -> 0 | I46: 0 | J46: =+$D46*I46 -> 0 | K46: 0 | L46: =+$D46*K46 -> 0 | M46: =+G46+I46 -> 0 | N46: =+D46*M46 -> 0 | O46: =+N46/F46 -> 0 | P46: =+M46-E46 -> -389 | Q46: =+P46*D46 -> -17867937
A47: 6 | B47: PISOS Y ZOCALOS | F47: =SUM(F48:F50) -> 18811309 | N47: =SUM(N48:N50) -> 2722744.1 | O47: =+N47/F47 -> 0.14473975 | Q47: =SUM(Q48:Q50) -> -16088565
A48: 6.1 | B48: Resane de piso en grano en zonas afectadas, incluye mortero, se contempla un desarrollo de 30 cm de ancho. | C48: ml | D48: 95211 | E48: 34.5 | F48: =+D48*E48 -> 3284779.5 | G48: 0 | H48: =+$D48*G48 -> 0 | I48: 12.6 | J48: =+$D48*I48 -> 1199658.6 | K48: 0 | L48: =+$D48*K48 -> 0 | M48: =+G48+I48 -> 12.6 | N48: =+D48*M48 -> 1199658.6 | O48: =+N48/F48 -> 0.36521739 | P48: =+M48-E48 -> -21.9 | Q48: =+P48*D48 -> -2085120.9
A49: 6.2 | B49: Zocalo media caña en fibra de vidrio | C49: ml | D49: 92488 | E49: 81.56 | F49: =+D49*E49 -> 7543321.3 | G49: 0 | H49: =+$D49*G49 -> 0 | I49: 0 | J49: =+$D49*I49 -> 0 | K49: 0 | L49: =+$D49*K49 -> 0 | M49: =+G49+I49 -> 0 | N49: =+D49*M49 -> 0 | O49: =+N49/F49 -> 0 | P49: =+M49-E49 -> -81.56 | Q49: =+P49*D49 -> -7543321.3
A50: 6.3 | B50: Repulida y brillada de piso | C50: m2 | D50: 25225 | E50: 316.48 | F50: =+D50*E50 -> 7983208 | G50: 0 | H50: =+$D50*G50 -> 0 | I50: 60.38 | J50: =+$D50*I50 -> 1523085.5 | K50: 0 | L50: =+$D50*K50 -> 0 | M50: =+G50+I50 -> 60.38 | N50: =+D50*M50 -> 1523085.5 | O50: =+N50/F50 -> 0.19078615 | P50: =+M50-E50 -> -256.1 | Q50: =+P50*D50 -> -6460122.5
A51: 7 | B51: CARPINTERIA METALICA, MADERA Y PVC | F51: =SUM(F52:F66) -> 1.4385106e+08 | N51: =SUM(N52:N66) -> 21984726 | O51: =+N51/F51 -> 0.15282978 | Q51: =SUM(Q52:Q66) -> -1.2186633e+08
A52: 7.1 | B52: Suministro e instalacion de superficies flotadas sala de lectura, Incluye soportes (no incluye sillas) | C52: ml | D52: 664084 | E52: 5.1 | F52: =+D52*E52 -> 3386828.4 | G52: 0 | H52: =+$D52*G52 -> 0 | I52: 2.36 | J52: =+$D52*I52 -> 1567238.2 | K52: 0 | L52: =+$D52*K52 -> 0 | M52: =+G52+I52 -> 2.36 | N52: =+D52*M52 -> 1567238.2 | O52: =+N52/F52 -> 0.4627451 | P52: =+M52-E52 -> -2.74 | Q52: =+P52*D52 -> -1819590.2
A53: 7.2 | B53: Suministro e instalacion de mueble punto de atencion (no incluye sillas) | C53: ml | D53: 1781610 | E53: 4.2 | F53: =+D53*E53 -> 7482762 | G53: 3.95 | H53: =+$D53*G53 -> 7037359.5 | I53: 0 | J53: =+$D53*I53 -> 0 | K53: 0 | L53: =+$D53*K53 -> 0 | M53: =+G53+I53 -> 3.95 | N53: =+D53*M53 -> 7037359.5 | O53: =+N53/F53 -> 0.94047619 | P53: =+M53-E53 -> -0.25 | Q53: =+P53*D53 -> -445402.5
A54: 7.3 | B54: Suministro e instalacion de mueble en acero inoxidable de 2m con pozuelo, incluye pie amigo | C54: un | D54: 1019193 | E54: 1 | F54: =+D54*E54 -> 1019193 | G54: 0 | H54: =+$D54*G54 -> 0 | I54: 0 | J54: =+$D54*I54 -> 0 | K54: 0 | L54: =+$D54*K54 -> 0 | M54: =+G54+I54 -> 0 | N54: =+D54*M54 -> 0 | O54: =+N54/F54 -> 0 | P54: =+M54-E54 -> -1 | Q54: =+P54*D54 -> -1019193
A55: 7.4 | B55: Suministro e instalacion de mueble en acero inoxidable de 1,80m con pozuelo, incluye pie amigo | C55: un | D55: 874194 | E55: 1 | F55: =+D55*E55 -> 874194 | G55: 0 | H55: =+$D55*G55 -> 0 | I55: 0 | J55: =+$D55*I55 -> 0 | K55: 0 | L55: =+$D55*K55 -> 0 | M55: =+G55+I55 -> 0 | N55: =+D55*M55 -> 0 | O55: =+N55/F55 -> 0 | P55: =+M55-E55 -> -1 | Q55: =+P55*D55 -> -874194
A56: 7.5 | B56: Suministro e instalacion de puerta blindada, de 1,25x2,4m | C56: un | D56: 17255000 | E56: 0 | F56: =+D56*E56 -> 0 | G56: 0 | H56: =+$D56*G56 -> 0 | I56: 0 | J56: =+$D56*I56 -> 0 | K56: 0 | L56: =+$D56*K56 -> 0 | M56: =+G56+I56 -> 0 | N56: =+D56*M56 -> 0 | O56: =+N56/F56 -> #DIV/0! | P56: =+M56-E56 -> 0 | Q56: =+P56*D56 -> 0
A57: 7.6 | B57: Suministro e instalacion de puerta batiente doble ala, de 1,70x2,4m | C57: un | D57: 2406385 | E57: 1 | F57: =+D57*E57 -> 2406385 | G57: 0 | H57: =+$D57*G57 -> 0 | I57: 0 | J57: =+$D57*I57 -> 0 | K57: 0 | L57: =+$D57*K57 -> 0 | M57: =+G57+I57 -> 0 | N57: =+D57*M57 -> 0 | O57: =+N57/F57 -> 0 | P57: =+M57-E57 -> -1 | Q57: =+P57*D57 -> -2406385
A58: 7.7 | B58: Suministro e instalacion de puerta batiente de 1,10x2,40m | C58: un | D58: 1328405 | E58: 3 | F58: =+D58*E58 -> 3985215 | G58: 0 | H58: =+$D58*G58 -> 0 | I58: 0 | J58: =+$D58*I58 -> 0 | K58: 0 | L58: =+$D58*K58 -> 0 | M58: =+G58+I58 -> 0 | N58: =+D58*M58 -> 0 | O58: =+N58/F58 -> 0 | P58: =+M58-E58 -> -3 | Q58: =+P58*D58 -> -3985215
A59: 7.8 | B59: Suministro e instalacion de puerta batiente blindada, de 1,10x2,40m | C59: un | D59: 11662000 | E59: 1 | F59: =+D59*E59 -> 11662000 | G59: 0 | H59: =+$D59*G59 -> 0 | I59: 0 | J59: =+$D59*I59 -> 0 | K59: 0 | L59: =+$D59*K59 -> 0 | M59: =+G59+I59 -> 0 | N59: =+D59*M59 -> 0 | O59: =+N59/F59 -> 0 | P59: =+M59-E59 -> -1 | Q59: =+P59*D59 -> -11662000
A60: 7.9 | B60: Suministro e instalacion de puerta batiente hasta 1x2,40m | C60: un | D60: 1218974 | E60: 13 | F60: =+D60*E60 -> 15846662 | G60: 0 | H60: =+$D60*G60 -> 0 | I60: 0 | J60: =+$D60*I60 -> 0 | K60: 0 | L60: =+$D60*K60 -> 0 | M60: =+G60+I60 -> 0 | N60: =+D60*M60 -> 0 | O60: =+N60/F60 -> 0 | P60: =+M60-E60 -> -13 | Q60: =+P60*D60 -> -15846662
A61: 7.10 | B61: Suministro e instalacion de puerta vidriera batiente, de 0,85x2,40m | C61: un | D61: 2047026 | E61: 1 | F61: =+D61*E61 -> 2047026 | G61: 0 | H61: =+$D61*G61 -> 0 | I61: 1 | J61: =+$D61*I61 -> 2047026 | K61: 0 | L61: =+$D61*K61 -> 0 | M61: =+G61+I61 -> 1 | N61: =+D61*M61 -> 2047026 | O61: =+N61/F61 -> 1 | P61: =+M61-E61 -> 0 | Q61: =+P61*D61 -> 0
A62: 7.11 | B62: Suministro e instalacion de divisorio en vidrio templado | C62: m2 | D62: 532176 | E62: 11.18 | F62: =+D62*E62 -> 5949727.7 | G62: 0 | H62: =+$D62*G62 -> 0 | I62: 12.54 | J62: =+$D62*I62 -> 6673487 | K62: 0 | L62: =+$D62*K62 -> 0 | M62: =+G62+I62 -> 12.54 | N62: =+D62*M62 -> 6673487 | O62: =+N62/F62 -> 1.1216458 | P62: =+M62-E62 -> 1.36 | Q62: =+P62*D62 -> 723759.36
A63: 7.12 | B63: Suministro e instalacion de puertas corredizas blindadas, de 1,60x2,40m | C63: un | D63: 16303000 | E63: 2 | F63: =+D63*E63 -> 32606000 | G63: 0 | H63: =+$D63*G63 -> 0 | I63: 0 | J63: =+$D63*I63 -> 0 | K63: 0 | L63: =+$D63*K63 -> 0 | M63: =+G63+I63 -> 0 | N63: =+D63*M63 -> 0 | O63: =+N63/F63 -> 0 | P63: =+M63-E63 -> -2 | Q63: =+P63*D63 -> -32606000
... A66: 7.15 | B66: Suministro e instalacion de espejos flotantes | C66: un | D66: 369717 | E66: 3 | F66: =+D66*E66 -> 1109151 | G66: 1 | H66: =+$D66*G66 -> 369717 | I66: 0 | J66: =+$D66*I66 -> 0 | K66: 0 | L66: =+$D66*K66 -> 0 | M66: =+G66+I66 -> 1 | N66: =+D66*M66 -> 369717 | O66: =+N66/F66 -> 0.33333333 | P66: =+M66-E66 -> -2 | Q66: =+P66*D66 -> -739434
A67: 8 | B67: APARATOS SANITARIOS Y GRIFERIAS | F67: =SUM(F68:F78) -> 3145590 | N67: =SUM(N68:N78) -> 1300952 | O67: =+N67/F67 -> 0.41357965 | Q67: =SUM(Q68:Q78) -> -1844638
A68: 8.1 | B68: Griferia lavamanos de sensor | C68: un | D68: 898410 | E68: 1 | F68: =+D68*E68 -> 898410 | G68: 0 | H68: =+$D68*G68 -> 0 | I68: 0 | J68: =+$D68*I68 -> 0 | K68: 0 | L68: =+$D68*K68 -> 0 | M68: =+G68+I68 -> 0 | N68: =+D68*M68 -> 0 | O68: =+N68/F68 -> 0 | P68: =+M68-E68 -> -1 | Q68: =+P68*D68 -> -898410
A69: 8.2 | B69: Lavamanos de movilidad reducida LAV0010 + Brazos BRA002 | C69: un | D69: 841976 | E69: 0 | F69: =+D69*E69 -> 0 | G69: 0 | H69: =+$D69*G69 -> 0 | I69: 0 | J69: =+$D69*I69 -> 0 | K69: 0 | L69: =+$D69*K69 -> 0 | M69: =+G69+I69 -> 0 | N69: =+D69*M69 -> 0 | O69: =+N69/F69 -> #DIV/0! | P69: =+M69-E69 -> 0 | Q69: =+P69*D69 -> 0
A70: 8.3 | B70: Grifo sensor sanitario incrustado electrico | C70: un | D70: 912976 | E70: 0 | F70: =+D70*E70 -> 0 | G70: 0 | H70: =+$D70*G70 -> 0 | I70: 0 | J70: =+$D70*I70 -> 0 | K70: 0 | L70: =+$D70*K70 -> 0 | M70: =+G70+I70 -> 0 | N70: =+D70*M70 -> 0 | O70: =+N70/F70 -> #DIV/0! | P70: =+M70-E70 -> 0 | Q70: =+P70*D70 -> 0
A71: 8.4 | B71: Porcelana sanitaria alongada deluxe mov reducida | C71: un | D71: 720926 | E71: 0 | F71: =+D71*E71 -> 0 | G71: 0 | H71: =+$D71*G71 -> 0 | I71: 0 | J71: =+$D71*I71 -> 0 | K71: 0 | L71: =+$D71*K71 -> 0 | M71: =+G71+I71 -> 0 | N71: =+D71*M71 -> 0 | O71: =+N71/F71 -> #DIV/0! | P71: =+M71-E71 -> 0 | Q71: =+P71*D71 -> 0
A72: 8.5 | B72: Suministro e instalacion de barra abatible | C72: un | D72: 906752 | E72: 0 | F72: =+D72*E72 -> 0 | G72: 0 | H72: =+$D72*G72 -> 0 | I72: 0 | J72: =+$D72*I72 -> 0 | K72: 0 | L72: =+$D72*K72 -> 0 | M72: =+G72+I72 -> 0 | N72: =+D72*M72 -> 0 | O72: =+N72/F72 -> #DIV/0! | P72: =+M72-E72 -> 0 | Q72: =+P72*D72 -> 0
A73: 8.6 | B73: Combo sanitario y lavamanos Acuacer Plus con pedestal | C73: un | D73: 553809 | E73: 1 | F73: =+D73*E73 -> 553809 | G73: 0 | H73: =+$D73*G73 -> 0 | I73: 1 | J73: =+$D73*I73 -> 553809 | K73: 0 | L73: =+$D73*K73 -> 0 | M73: =+G73+I73 -> 1 | N73: =+D73*M73 -> 553809 | O73: =+N73/F73 -> 1 | P73: =+M73-E73 -> 0 | Q73: =+P73*D73 -> 0
A74: 8.7 | B74: Suministro e instalacion de lavamanos con pedestal y griferia monocontrol. | C74: un | D74: 350504 | E74: 1 | F74: =+D74*E74 -> 350504 | G74: 0 | H74: =+$D74*G74 -> 0 | I74: 0 | J74: =+$D74*I74 -> 0 | K74: 0 | L74: =+$D74*K74 -> 0 | M74: =+G74+I74 -> 0 | N74: =+D74*M74 -> 0 | O74: =+N74/F74 -> 0 | P74: =+M74-E74 -> -1 | Q74: =+P74*D74 -> -350504
A75: 8.8 | B75: Grifo cuello de cisne operado por sensor. | C75: un | D75: 808410 | E75: 1 | F75: =+D75*E75 -> 808410 | G75: 0 | H75: =+$D75*G75 -> 0 | I75: 0 | J75: =+$D75*I75 -> 0 | K75: 0 | L75: =+$D75*K75 -> 0 | M75: =+G75+I75 -> 0 | N75: =+D75*M75 -> 0 | O75: =+N75/F75 -> 0 | P75: =+M75-E75 -> -1 | Q75: =+P75*D75 -> -808410
A76: 8.9 | B76: Suministro, transporte e instalacion de rejillas de piso | C76: un | D76: 100067 | E76: 0 | F76: =+D76*E76 -> 0 | G76: 0 | H76: =+$D76*G76 -> 0 | I76: 0 | J76: =+$D76*I76 -> 0 | K76: 0 | L76: =+$D76*K76 -> 0 | M76: =+G76+I76 -> 0 | N76: =+D76*M76 -> 0 | O76: =+N76/F76 -> #DIV/0! | P76: =+M76-E76 -> 0 | Q76: =+P76*D76 -> 0
A77: 8.10 | B77: Suministro e instalacion de llaves boca manguera | C77: un | D77: 103601 | E77: 2 | F77: =+D77*E77 -> 207202 | G77: 3 | H77: =+$D77*G77 -> 310803 | I77: 0 | J77: =+$D77*I77 -> 0 | K77: 0 | L77: =+$D77*K77 -> 0 | M77: =+G77+I77 -> 3 | N77: =+D77*M77 -> 310803 | O77: =+N77/F77 -> 1.5 | P77: =+M77-E77 -> 1 | Q77: =+P77*D77 -> 103601
A78: 8.11 | B78: Suministro e instalacion de llaves de regulacion y acoples marca grival o equivalente para sanitarios, lavamanos y pozuelos | C78: un | D78: 109085 | E78: 3 | F78: =+D78*E78 -> 327255 | G78: 0 | H78: =+$D78*G78 -> 0 | I78: 4 | J78: =+$D78*I78 -> 436340 | K78: 0 | L78: =+$D78*K78 -> 0 | M78: =+G78+I78 -> 4 | N78: =+D78*M78 -> 436340 | O78: =+N78/F78 -> 1.3333333 | P78: =+M78-E78 -> 1 | Q78: =+P78*D78 -> 109085
A79: 9 | B79: INSTALACIONES HIDRAULICAS Y SANITARIAS | F79: =SUM(F80:F95) -> 8475098 | N79: =SUM(N80:N95) -> 7314819.5 | O79: =+N79/F79 -> 0.86309557 | Q79: =SUM(Q80:Q95) -> -1160278.5
A80: 9.1 | B80: SUMINISTRO, TRANSPORTE E INSTALACIÓN DE TUBERÍA P.V.C. PRESIÓN DIAM. 1 1/2" RDE. 21. INCLUYE ACCESORIOS, SOLDADURA PVC, LIMPIADOR, CUELGAS Y TODO LO NECESARIO PARA SU CORRECTA INSTALACIÓN Y FUNCIONAMIENTO | C80: ml | D80: 32563 | E80: 2.5 | F80: =+D80*E80 -> 81407.5 | G80: 0 | H80: =+$D80*G80 -> 0 | I80: 0 | J80: =+$D80*I80 -> 0 | K80: 0 | L80: =+$D80*K80 -> 0 | M80: =+G80+I80 -> 0 | N80: =+D80*M80 -> 0 | O80: =+N80/F80 -> 0 | P80: =+M80-E80 -> -2.5 | Q80: =+P80*D80 -> -81407.5
A81: 9.2 | B81: SUMINISTRO, TRANSPORTE E INSTALACIÓN DE TUBERÍA P.V.C. PRESIÓN DIAM. 1" RDE.21. INCLUYE ACCESORIOS, SOLDADURA PVC, LIMPIADOR, CUELGAS Y TODO LO NECESARIO PARA SU CORRECTA INSTALACIÓN Y FUNCIONAMIENTO | C81: ml | D81: 19936.99 | E81: 10.1 | F81: =+D81*E81 -> 201363.6 | G81: 0 | H81: =+$D81*G81 -> 0 | I81: 0 | J81: =+$D81*I81 -> 0 | K81: 0 | L81: =+$D81*K81 -> 0 | M81: =+G81+I81 -> 0 | N81: =+D81*M81 -> 0 | O81: =+N81/F81 -> 0 | P81: =+M81-E81 -> -10.1 | Q81: =+P81*D81 -> -201363.6
A82: 9.3 | B82: SUMINISTRO, TRANSPORTE E INSTALACIÓN DE TUBERÍA P.V.C. PRESIÓN DIAM. 1/2" RDE. 9. INCLUYE ACCESORIOS, SOLDADURA PVC, LIMPIADOR, CUELGAS Y TODO LO NECESARIO PARA SU CORRECTA INSTALACIÓN Y FUNCIONAMIENTO | C82: ml | D82: 14751.59 | E82: 30.9 | F82: =+D82*E82 -> 455824.13 | G82: 0 | H82: =+$D82*G82 -> 0 | I82: 38.59 | J82: =+$D82*I82 -> 569263.86 | K82: 0 | L82: =+$D82*K82 -> 0 | M82: =+G82+I82 -> 38.59 | N82: =+D82*M82 -> 569263.86 | O82: =+N82/F82 -> 1.2488673 | P82: =+M82-E82 -> 7.69 | Q82: =+P82*D82 -> 113439.73
A83: 9.4 | B83: SALIDA A. FRÍA DIAM 1/2" PARA POZUELOS, LAVAMANOS, DUCHAS, LAVADEROS, ORINALES, SANITARIOS DE TANQUE. INCLUYE EL SUMINISTRO, TRANSPORTE E INSTALACIÓN DE TUBERÍA PVC-P DIÁM. 1/2" HASTA 3 METROS Y ACCESORIOS DIÁM. 1/2" EN PVC, CÁMARA DE AIRE, TERMINALES EN PVC, SOLDAURA PVC, LIMPIADOR PVC Y TODO LO NECESARIO PARA SU CORRECTA INSTALACIÓN. | C83: un | D83: 48406.14 | E83: 3 | F83: =+D83*E83 -> 145218.42 | G83: 0 | H83: =+$D83*G83 -> 0 | I83: 10 | J83: =+$D83*I83 -> 484061.4 | K83: 0 | L83: =+$D83*K83 -> 0 | M83: =+G83+I83 -> 10 | N83: =+D83*M83 -> 484061.4 | O83: =+N83/F83 -> 3.3333333 | P83: =+M83-E83 -> 7 | Q83: =+P83*D83 -> 338842.98
A84: 9.5 | B84: SALIDA A. FRÍA DIAM 1" PARA SANITARIOS DE FLUXÓMETRO. INCLUYE EL SUMINISTRO, TRANSPORTE E INSTALACIÓN DE TUBERÍA PVC-P DIÁM. 1" HASTA 3 METROS Y ACCESORIOS DIÁM. 1" EN PVC, CÁMARA DE AIRE, TERMINALES EN PVC, SOLDAURA PVC, LIMPIADOR PVC Y TODO LO NECESARIO PARA SU CORRECTA INSTALACIÓN. | C84: un | D84: 70380.14 | E84: 0 | F84: =+D84*E84 -> 0 | G84: 0 | H84: =+$D84*G84 -> 0 | I84: 0 | J84: =+$D84*I84 -> 0 | K84: 0 | L84: =+$D84*K84 -> 0 | M84: =+G84+I84 -> 0 | N84: =+D84*M84 -> 0 | O84: =+N84/F84 -> #DIV/0! | P84: =+M84-E84 -> 0 | Q84: =+P84*D84 -> 0
A85: 9.6 | B85: SUMINISTRO E INSTALACIÓN DE VÁLVULA D = 1/2" TIPO RED WHITE O SIMILAR | C85: un | D85: 89132 | E85: 4 | F85: =+D85*E85 -> 356528 | G85: 0 | H85: =+$D85*G85 -> 0 | I85: 2 | J85: =+$D85*I85 -> 178264 | K85: 0 | L85: =+$D85*K85 -> 0 | M85: =+G85+I85 -> 2 | N85: =+D85*M85 -> 178264 | O85: =+N85/F85 -> 0.5 | P85: =+M85-E85 -> -2 | Q85: =+P85*D85 -> -178264
A86: 9.7 | B86: SUMINISTRO E INSTALACIÓN DE VÁLVULA D = 1" TIPO RED WHITE O SIMILAR | C86: un | D86: 148991.6 | E86: 3 | F86: =+D86*E86 -> 446974.8 | G86: 0 | H86: =+$D86*G86 -> 0 | I86: 0 | J86: =+$D86*I86 -> 0 | K86: 0 | L86: =+$D86*K86 -> 0 | M86: =+G86+I86 -> 0 | N86: =+D86*M86 -> 0 | O86: =+N86/F86 -> 0 | P86: =+M86-E86 -> -3 | Q86: =+P86*D86 -> -446974.8
A87: 9.8 | B87: SUMINISTRO E INSTALACIÓN DE TUBERÍA SANITARIA EN PVC, DIÁMETRO 4" | C87: ml | D87: 76143.27 | E87: 0 | F87: =+D87*E87 -> 0 | G87: 0 | H87: =+$D87*G87 -> 0 | I87: 10.56 | J87: =+$D87*I87 -> 804072.93 | K87: 0 | L87: =+$D87*K87 -> 0 | M87: =+G87+I87 -> 10.56 | N87: =+D87*M87 -> 804072.93 | O87: =+N87/F87 -> #DIV/0! | P87: =+M87-E87 -> 10.56 | Q87: =+P87*D87 -> 804072.93
A88: 9.9 | B88: SUMINISTRO E INSTALACIÓN DE TUBERÍA DE SANITARIA EN PVC, DIÁMETRO DE 2" | C88: ml | D88: 35711.19 | E88: 26 | F88: =+D88*E88 -> 928490.94 | G88: 0 | H88: =+$D88*G88 -> 0 | I88: 14.5 | J88: =+$D88*I88 -> 517812.26 | K88: 0 | L88: =+$D88*K88 -> 0 | M88: =+G88+I88 -> 14.5 | N88: =+D88*M88 -> 517812.26 | O88: =+N88/F88 -> 0.55769231 | P88: =+M88-E88 -> -11.5 | Q88: =+P88*D88 -> -410678.69
A89: 9.10 | B89: SUMINISTRO E INSTALACIÓN DE TUBERÍA DE VENTILACIÓN PVC D= 2" | C89: ml | D89: 31856.81 | E89: 14 | F89: =+D89*E89 -> 445995.34 | G89: 0 | H89: =+$D89*G89 -> 0 | I89: 0 | J89: =+$D89*I89 -> 0 | K89: 0 | L89: =+$D89*K89 -> 0 | M89: =+G89+I89 -> 0 | N89: =+D89*M89 -> 0 | O89: =+N89/F89 -> 0 | P89: =+M89-E89 -> -14 | Q89: =+P89*D89 -> -445995.34
A90: 9.11 | B90: SALIDA P.V.C. SANITARIA SIFÓN DIÁM. 2" PARA DUCHAS Y/O DESAGÜES DE PISO; INCLUYE SUMINISTRO, TRANSPORTE E INSTALACIÓN DE TUBERÍA PVC DIAM 2" (MÁXIMO 2 METROS HASTA ALCANZAR EL RAMAL HORIZONTAL PRINCIPAL), TODOS LOS ACCESORIOS REQUERIDOS, CUELGAS, SOLDADURA, LIMPIADOR Y TODO LO NECESARIO PARA SU CORRECTA INSTALACIÓN Y FUNCIONAMIENTO. | C90: un | D90: 101732.91 | E90: 5 | F90: =+D90*E90 -> 508664.55 | G90: 0 | H90: =+$D90*G90 -> 0 | I90: 0 | J90: =+$D90*I90 -> 0 | K90: 0 | L90: =+$D90*K90 -> 0 | M90: =+G90+I90 -> 0 | N90: =+D90*M90 -> 0 | O90: =+N90/F90 -> 0 | P90: =+M90-E90 -> -5 | Q90: =+P90*D90 -> -508664.55
A91: 9.12 | B91: SALIDA SENCILLA P.V.C. SANITARIA DIÁM. 2" Y ACCESORIOS DIÁM. 2" PARA LAVAMANOS, POZUELOS, ORINALES; INCLUYE SUMINISTRO, TRANSPORTE E INSTALACIÓN DE TUBERÍA PVC DIAM 2" (MÁXIMO 2 METROS HASTA ALCANZAR EL RAMAL HORIZONTAL PRINCIPAL), TODOS LOS ACCESORIOS REQUERIDOS, CUELGAS, SOLDADURA, LIMPIADOR Y TODO LO NECESARIO PARA SU CORRECTA INSTALACIÓN Y FUNCIONAMIENTO. | C91: un | D91: 98514.08 | E91: 5 | F91: =+D91*E91 -> 492570.4 | G91: 0 | H91: =+$D91*G91 -> 0 | I91: 8 | J91: =+$D91*I91 -> 788112.64 | K91: 0 | L91: =+$D91*K91 -> 0 | M91: =+G91+I91 -> 8 | N91: =+D91*M91 -> 788112.64 | O91: =+N91/F91 -> 1.6 | P91: =+M91-E91 -> 3 | Q91: =+P91*D91 -> 295542.24
... A95: 9.16 | B95: AJUSTE DE DISEÑO | C95: gl | D95: 3800000 | E95: 1 | F95: =+D95*E95 -> 3800000 | G95: 0 | H95: =+$D95*G95 -> 0 | I95: 1 | J95: =+$D95*I95 -> 3800000 | K95: 0 | L95: =+$D95*K95 -> 0 | M95: =+G95+I95 -> 1 | N95: =+D95*M95 -> 3800000 | O95: =+N95/F95 -> 1 | P95: =+M95-E95 -> 0 | Q95: =+P95*D95 -> 0
A96: 10 | B96: GASES MEDICINALES | F96: =+F97+F100+F103+F105 -> 15732457 | N96: =+N97+N100+N103+N105 -> 24247956 | O96: =+N96/F96 -> 1.5412695 | Q96: =+Q97+Q100+Q103+Q105 -> 8515499.5
A97: 10.1 | B97: RED DE TUBERIA | F97: =SUM(F98:F99) -> 8395241.3 | N97: =SUM(N98:N99) -> 18676706 | O97: =+N97/F97 -> 2.2246777 | Q97: =SUM(Q98:Q99) -> 10281465
A98: 10.1.1 | B98: Tuberia cobre tipo L 1/2, incluye soportes, señalizacion y accesorios | C98: ml | D98: 112848.93 | E98: 40 | F98: =+D98*E98 -> 4513957 | G98: 108 | H98: =+$D98*G98 -> 12187684 | I98: 0 | J98: =+$D98*I98 -> 0 | K98: 0 | L98: =+$D98*K98 -> 0 | M98: =+G98+I98 -> 108 | N98: =+D98*M98 -> 12187684 | O98: =+N98/F98 -> 2.7 | P98: =+M98-E98 -> 68 | Q98: =+P98*D98 -> 7673726.9
A99: 10.1.2 | B99: Tuberia cobre tipo L 3-4, incluye soportes, señalizacion y accesorios | C99: ml | D99: 121290.13 | E99: =16*2 -> 32 | F99: =+D99*E99 -> 3881284.3 | G99: 53.5 | H99: =+$D99*G99 -> 6489022.2 | I99: 0 | J99: =+$D99*I99 -> 0 | K99: 0 | L99: =+$D99*K99 -> 0 | M99: =+G99+I99 -> 53.5 | N99: =+D99*M99 -> 6489022.2 | O99: =+N99/F99 -> 1.671875 | P99: =+M99-E99 -> 21.5 | Q99: =+P99*D99 -> 2607737.9
A100: 10.2 | B100: TOMAS DE PARED, PANELES DE CABECERA Y CIELITICAS COD. CHEMETRON | F100: =SUM(F101:F102) -> 1828500 | N100: =SUM(N101:N102) -> 914250 | O100: =+N100/F100 -> 0.5 | Q100: =SUM(Q101:Q102) -> -914250
A101: 10.2.1 | B101: Suministro toma QC Oxigeno | C101: un | D101: 457125 | E101: 2 | F101: =+D101*E101 -> 914250 | G101: 2 | H101: =+$D101*G101 -> 914250 | I101: 0 | J101: =+$D101*I101 -> 0 | K101: 0 | L101: =+$D101*K101 -> 0 | M101: =+G101+I101 -> 2 | N101: =+D101*M101 -> 914250 | O101: =+N101/F101 -> 1 | P101: =+M101-E101 -> 0 | Q101: =+P101*D101 -> 0
A102: 10.2.2 | B102: Suministro toma QC vacio | C102: un | D102: 457125 | E102: 2 | F102: =+D102*E102 -> 914250 | G102: 0 | H102: =+$D102*G102 -> 0 | I102: 0 | J102: =+$D102*I102 -> 0 | K102: 0 | L102: =+$D102*K102 -> 0 | M102: =+G102+I102 -> 0 | N102: =+D102*M102 -> 0 | O102: =+N102/F102 -> 0 | P102: =+M102-E102 -> -2 | Q102: =+P102*D102 -> -914250
A103: 10.3 | B103: CAJA DE CONTROL ZONAL VALVULA SOLDAD 4 TORNILLOS | F103: =SUM(F104) -> 851715.3 | N103: =SUM(N104) -> 0 | O103: =+N103/F103 -> 0 | Q103: =SUM(Q104) -> -851715.3
A104: 10.3.1 | B104: Caja de control 2 gases | C104: un | D104: 851715.3 | E104: 1 | F104: =+D104*E104 -> 851715.3 | G104: 0 | H104: =+$D104*G104 -> 0 | I104: 0 | J104: =+$D104*I104 -> 0 | K104: 0 | L104: =+$D104*K104 -> 0 | M104: =+G104+I104 -> 0 | N104: =+D104*M104 -> 0 | O104: =+N104/F104 -> 0 | P104: =+M104-E104 -> -1 | Q104: =+P104*D104 -> -851715.3
A105: 10.4 | B105: OTROS | F105: =SUM(F106:F107) -> 4657000 | N105: =SUM(N106:N107) -> 4657000 | O105: =+N105/F105 -> 1 | Q105: =SUM(Q106:Q107) -> 0
A106: 10.4.1 | B106: SSGTI y transporte | C106: un | D106: 1157000 | E106: 1 | F106: =+D106*E106 -> 1157000 | G106: 0 | H106: =+$D106*G106 -> 0 | I106: 1 | J106: =+$D106*I106 -> 1157000 | K106: 0 | L106: =+$D106*K106 -> 0 | M106: =+G106+I106 -> 1 | N106: =+D106*M106 -> 1157000 | O106: =+N106/F106 -> 1 | P106: =+M106-E106 -> 0 | Q106: =+P106*D106 -> 0
A107: 10.4.2 | B107: Ajuste de diseño | C107: gl | D107: 3500000 | E107: 1 | F107: =+D107*E107 -> 3500000 | G107: 0 | H107: =+$D107*G107 -> 0 | I107: 1 | J107: =+$D107*I107 -> 3500000 | K107: 0 | L107: =+$D107*K107 -> 0 | M107: =+G107+I107 -> 1 | N107: =+D107*M107 -> 3500000 | O107: =+N107/F107 -> 1 | P107: =+M107-E107 -> 0 | Q107: =+P107*D107 -> 0
...

Sheet RESUMEN
A1: RESUMEN DE ACTIVIDADES | B1: VALOR TOTAL
A2: Actividades contractuales no ejecutadas | B2: =+'ACTA FINAL'!F14+'ACTA FINAL'!F46+'ACTA FINAL'!F49+'ACTA FINAL'!F54+'ACTA FINAL'!F55+'ACTA FINAL'!F57+'ACTA FINAL'!F58+'ACTA FINAL'!F59+'ACTA FINAL'!F60+'ACTA FINAL'!F63+'ACTA FINAL'!F64+'ACTA FINAL'!F68+'ACTA FINAL'!F74+'ACTA FINAL'!F75+'ACTA FINAL'!F80+'ACTA FINAL'!F81+'ACTA FINAL'!F86+'ACTA FINAL'!F89+'ACTA FINAL'!F90+'ACTA FINAL'!F93+'ACTA FINAL'!F94+'ACTA FINAL'!F102+'ACTA FINAL'!F104 -> 1.5541775e+08
A3: Actividades contractuales ejecutadas al 100% | B3: =+'ACTA FINAL'!N8+'ACTA FINAL'!N9+'ACTA FINAL'!N15+'ACTA FINAL'!N23+'ACTA FINAL'!N30+'ACTA FINAL'!N61+'ACTA FINAL'!N73+'ACTA FINAL'!N95+'ACTA FINAL'!N101+'ACTA FINAL'!N106+'ACTA FINAL'!N107+'ACTA FINAL'!N113+'ACTA FINAL'!N114+'ACTA FINAL'!N116+'ACTA FINAL'!N123+'ACTA FINAL'!N131+'ACTA FINAL'!N133+'ACTA FINAL'!N135+'ACTA FINAL'!N138+'ACTA FINAL'!N45+'ACTA FINAL'!N92 -> 1.0741003e+08
A4: Actividades contractuales ejecutadas de más | B4: =+'ACTA FINAL'!N10+'ACTA FINAL'!N11+'ACTA FINAL'!N13+'ACTA FINAL'!N19+'ACTA FINAL'!N22+'ACTA FINAL'!N27+'ACTA FINAL'!N28+'ACTA FINAL'!N32+'ACTA FINAL'!N36+'ACTA FINAL'!N37+'ACTA FINAL'!N38+'ACTA FINAL'!N40+'ACTA FINAL'!N62+'ACTA FINAL'!N65+'ACTA FINAL'!N77+'ACTA FINAL'!N78+'ACTA FINAL'!N82+'ACTA FINAL'!N83+'ACTA FINAL'!N91+'ACTA FINAL'!N98+'ACTA FINAL'!N99+'ACTA FINAL'!N120+'ACTA FINAL'!N124+'ACTA FINAL'!N125+'ACTA FINAL'!N127+'ACTA FINAL'!N128+'ACTA FINAL'!N132+'ACTA FINAL'!N140+'ACTA FINAL'!N87 -> 1.4189936e+08
A5: Actividades contractuales ejecutadas de menos | B5: =+'ACTA FINAL'!N17+'ACTA FINAL'!N18+'ACTA FINAL'!N20+'ACTA FINAL'!N21+'ACTA FINAL'!N24+'ACTA FINAL'!N25+'ACTA FINAL'!N26+'ACTA FINAL'!N31+'ACTA FINAL'!N33+'ACTA FINAL'!N34+'ACTA FINAL'!N35+'ACTA FINAL'!N41+'ACTA FINAL'!N43+'ACTA FINAL'!N44+'ACTA FINAL'!N48+'ACTA FINAL'!N50+'ACTA FINAL'!N52+'ACTA FINAL'!N53+'ACTA FINAL'!N66+'ACTA FINAL'!N85+'ACTA FINAL'!N88+'ACTA FINAL'!N109+'ACTA FINAL'!N115+'ACTA FINAL'!N122+'ACTA FINAL'!N130+'ACTA FINAL'!N110+'ACTA FINAL'!N16 -> 75640820
A6: Actividades no previstas ejecutadas al 100% | B6: =+'ACTA FINAL'!N141 -> 1.7311904e+08
A8: TOTAL DE ACTIVIDADES EJECUTADAS | B8: =+B3+B4+B5+B6 -> 4.9806925e+08
A9: A (25%) | B9: =+B8*25% -> 1.2451731e+08
A10: U (5%) | B10: =+B8*5% -> 24903462
A11: TOTAL | B11: =+B8+B9+B10 -> 6.4749002e+08

Sheet APU NP
A1: ANALISIS DE PRECIOS UNITARIOS
A2: ='[2]ACTA 3'!A146 -> NP 1.1 | B2: ='[2]ACTA 3'!B146 -> Construccion de Muro en Drywall una cara en placa de yeso e:12 cms, para cerramientos temporales, estructura en lamina galvanizada y todos los elementos necesarios para su correcta instalacion, sin acabado. | C2: UNIDAD: m2
A3: DESCRIPCIÓN | C3: UNIDAD | D3: CANT/ REND | E3: PRECIO UNITARIO | F3: VR PARCIAL
B4: MATERIALES:
B5: DRYWALL 1.22 m x 2.44 m x 1/2" | C5: un | D5: 0.4 | E5: 48016 | F5: =ROUND(D5*E5, 2) -> 19206.4
B6: CANAL 90 0.43 mm x 2.44 m | C6: un | D6: 0.34 | E6: 11720 | F6: =ROUND(D6*E6, 2) -> 3984.8
B7: PARAL 89 0.43 mm x 2.44 m | C7: un | D7: 0.76 | E7: 12571 | F7: =ROUND(D7*E7, 2) -> 9553.96
B8: TORNILLO SUPERBOARD AVELLANADO PUNTA AGUDA 6x7/8" | C8: un | D8: 23 | E8: 278 | F8: =ROUND(D8*E8, 2) -> 6394
B9: TORNILLO ESTRCUTURA PUNTA AGUDA CABEZA PLANA 8x1/2" | C9: un | D9: 2.8 | E9: 85 | F9: =ROUND(D9*E9, 2) -> 238
B10: MALLA FIBRA DE VIDRIO FLEXIBLE ANTIALCALIS a=25cm, 90g/m2 | C10: un | D10: 1.46 | E10: 632 | F10: =ROUND(D10*E10, 2) -> 922.72
B11: SIKAFLEX UNIVERSAL (sellador elastico de poliuretano) x 300 | C11: un | D11: 0.1812 | E11: 39901 | F11: =ROUND(D11*E11, 2) -> 7230.06
B12: MASILLA PANEL-TEC | C12: un | D12: 0.5 | E12: 14075 | F12: =ROUND(D12*E12, 2) -> 7037.5
B13: LIJA DE AGUA | C13: un | D13: 0.5 | E13: 1800 | F13: =ROUND(D13*E13, 2) -> 900
B14: PINTURA PARA INTERIOR FONDEO | C14: un | D14: 0.1 | E14: 39000 | F14: =ROUND(D14*E14, 2) -> 3900
E15: Subtotal = | F15: =SUM(F5:F14) -> 59367.44
B16: EQUIPO y HERRAMIENTAS:
B17: ANDAMIO TUBULAR CON TIJERA 1.50x1.50 m | C17: Día | D17: 0.24 | E17: 5246 | F17: =ROUND(D17*E17, 2) -> 1259.04
B18: RUEDA GIRATORIA PARA ANDAMIO | C18: Día | D18: 0.24 | E18: 2233 | F18: =ROUND(D18*E18, 2) -> 535.92
B19: SIERRA CIRCULAR 7 1/4" | C19: un | D19: 0.0018 | E19: 611537 | F19: =ROUND(D19*E19, 2) -> 1100.77
B20: DISCO SIERRA CIRCULAR 7 1/4" | C20: un | D20: 0.0018 | E20: 77490 | F20: =ROUND(D20*E20, 2) -> 139.48
B21: EXTENSION ELECTRICA ENCAUCHETADA 3x12x10m | C21: un | D21: 0.0018 | E21: 62851 | F21: =ROUND(D21*E21, 2) -> 113.13
B22: ATORNILLADOR ELECTRICO | C22: un | D22: 0.0018 | E22: 600941 | F22: =ROUND(D22*E22, 2) -> 1081.69
B23: LLANA METALICA LISA MANGO MADERA 11" x 5" | C23: un | D23: 0.0018 | E23: 31265 | F23: =ROUND(D23*E23, 2) -> 56.28
B24: RODILLO 9" | C24: un | D24: 0.01 | E24: 16900 | F24: =ROUND(D24*E24, 2) -> 169
E26: Subtotal = | F26: =SUM(F17:F24) -> 4455.31
B27: TRANSPORTES:
B28: CAMION 350 | C28: hr | D28: 0.08 | E28: 64688 | F28: =ROUND(D28*E28, 2) -> 5175.04
E29: Subtotal = | F29: =SUM(F28:F28) -> 5175.04
B30: MANO de OBRA:
B31: CUADRILLA 1 OF + 1 AY | C31: Día | D31: 0.133764 | E31: 221000 | F31: =ROUND(D31*E31, 2) -> 29561.84
E32: Subtotal = | F32: =SUM(F31:F31) -> 29561.84
E34: VR COSTO DIRECTO = | F34: =ROUND(SUM(F4:F32)/2, 0) -> 98560
A36: ='[2]ACTA 3'!A147 -> NP 2.1 | B36: ='[2]ACTA 3'!B147 -> Demolición de muro en bloque de concreto macizo de 20cm de espesor | C36: UNIDAD:m2
A37: DESCRIPCIÓN | C37: UNIDAD | D37: CANT/ REND | E37: PRECIO UNITARIO | F37: VR PARCIAL
B38: MATERIALES:
E40: Subtotal = | F40: =SUM(F39:F39) -> 0
B41: EQUIPO y HERRAMIENTAS:
B42: ANDAMIO TUBULAR CON TIJERA 1.50x1.50 m | C42: Día | D42: 0.15 | E42: 5246 | F42: =ROUND(D42*E42, 2) -> 786.9
B43: HERRAMIENTA MENOR | C43: %Mo | D43: 5 | E43: =F50 -> 47387.01 | F43: =ROUND(D43*E43/100, 2) -> 2369.35
E45: Subtotal = | F45: =SUM(F42:F43) -> 3156.25
B46: TRANSPORTES:
F47: =D47*E47 -> 0
E48: Subtotal = | F48: =SUM(F47:F47) -> 0
B49: MANO de OBRA:
B50: CUADRILLA 2 AYUDANTES | C50: Día | D50: 0.26373 | E50: =2*89840 -> 179680 | F50: =ROUND(D50*E50, 2) -> 47387.01
E51: Subtotal = | F51: =SUM(F50:F50) -> 47387.01
E53: VR COSTO DIRECTO = | F53: =ROUND(SUM(F38:F51)/2, 0) -> 50543
A55: ='[2]ACTA 3'!A148 -> NP 2.2 | B55: ='[2]ACTA 3'!B148 -> Desmonte de muros existentes en sistema Drywall | C55: UNIDAD:m2
A56: DESCRIPCIÓN | C56: UNIDAD | D56: CANT/ REND | E56: PRECIO UNITARIO | F56: VR PARCIAL
B57: MATERIALES:
E59: Subtotal = | F59: =SUM(F58:F58) -> 0
B60: EQUIPO y HERRAMIENTAS:
B61: ANDAMIO TUBULAR CON TIJERA 1.50x1.50 m | C61: Día | D61: 0.15 | E61: 5246 | F61: =ROUND(D61*E61, 2) -> 786.9
B62: HERRAMIENTA MENOR | C62: %Mo | D62: 5 | E62: =F69 -> 15202.72 | F62: =ROUND(D62*E62/100, 2) -> 760.14
E64: Subtotal = | F64: =SUM(F61:F62) -> 1547.04
B65: TRANSPORTES:
F66: =D66*E66 -> 0
E67: Subtotal = | F67: =SUM(F66:F66) -> 0
B68: MANO de OBRA:
B69: CUADRILLA 2 AYUDANTES | C69: Día | D69: 0.08461 | E69: =2*89840 -> 179680 | F69: =ROUND(D69*E69, 2) -> 15202.72
E70: Subtotal = | F70: =SUM(F69:F69) -> 15202.72
E72: VR COSTO DIRECTO = | F72: =ROUND(SUM(F57:F70)/2, 0) -> 16750
A74: ='[2]ACTA 3'!A149 -> NP 2.3 | B74: ='[2]ACTA 3'!B149 -> Demolición de zocalo en grano | C74: UNIDAD:ml
A75: DESCRIPCIÓN | C75: UNIDAD | D75: CANT/ REND | E75: PRECIO UNITARIO | F75: VR PARCIAL
B76: MATERIALES:
E78: Subtotal = | F78: =SUM(F77:F77) -> 0
B79: EQUIPO y HERRAMIENTAS:
B80: HERRAMIENTA MENOR | C80: %Mo | D80: 5 | E80: =F87 -> 20734.17 | F80: =ROUND(D80*E80/100, 2) -> 1036.71
E82: Subtotal = | F82: =SUM(F80:F80) -> 1036.71
B83: TRANSPORTES:
F84: =D84*E84 -> 0
E85: Subtotal = | F85: =SUM(F84:F84) -> 0
B86: MANO de OBRA:
B87: 1 AYUDANTE | C87: Día | D87: 0.23079 | E87: =89840 -> 89840 | F87: =ROUND(D87*E87, 2) -> 20734.17
E88: Subtotal = | F88: =SUM(F87:F87) -> 20734.17
E90: VR COSTO DIRECTO = | F90: =ROUND(SUM(F76:F88)/2, 0) -> 21771
A91: ='[2]ACTA 3'!A150 -> NP 2.4 | B91: ='[2]ACTA 3'!B150 -> Desmonte y reinstalacion de puerta vidriera doble ala y modulos fijos laterales, en 10mm | C91: UNIDAD: un
A92: DESCRIPCIÓN | C92: UNIDAD | D92: CANT/ REND | E92: PRECIO UNITARIO | F92: VR PARCIAL
B93: MATERIALES:
E94: Subtotal =
B95: EQUIPO y HERRAMIENTAS:
B96: HERRAMIENTA MENOR | C96: un | D96: 5 | E96: =F101 -> 266667 | F96: =ROUND(D96*E96/100, 2) -> 13333.35
E97: Subtotal = | F97: =F96 -> 13333.35
B98: TRANSPORTES:
E99: Subtotal =
B100: MANO de OBRA:
B101: CUADRILLA 1 OF VIDRIERO + 1 AY | C101: Día | D101: 1 | E101: 266667 | F101: =ROUND(D101*E101, 2) -> 266667
E102: Subtotal = | F102: =SUM(F101:F101) -> 266667
E104: VR COSTO DIRECTO = | F104: =ROUND(SUM(F93:F102)/2, 0) -> 280000
A107: ='[2]ACTA 3'!A151 -> NP 2.5 | B107: ='[2]ACTA 3'!B151 -> Desmonte de extractores en área de flouroscopio | C107: UNIDAD: un
A108: DESCRIPCIÓN | C108: UNIDAD | D108: CANT/ REND | E108: PRECIO UNITARIO | F108: VR PARCIAL
B109: MATERIALES:
E110: Subtotal =
B111: EQUIPO y HERRAMIENTAS:
E112: Subtotal =
B113: TRANSPORTES:
E114: Subtotal =
B115: MANO de OBRA:
B116: CUADRILLA 1 OF + 1 AY | C116: Día | D116: 0.294119 | E116: 221000 | F116: =ROUND(D116*E116, 2) -> 65000.3
E117: Subtotal = | F117: =SUM(F116:F116) -> 65000.3
...
